 Dungeon Crawl Stone Soup version 0.28.0 (webtiles) character file.

Game seed: 14977929324558058905

168 danielguo94 the Cudgeller (level 5, -5/33 HPs)
             Began as a Gargoyle Fighter on Feb 6, 2022.
             Slain by a gnoll (9 damage)
             ... on level 3 of the Dungeon.
             The game lasted 00:04:21 (2902 turns).

danielguo94 the Cudgeller (Gargoyle Fighter)        Turns: 2902, Time: 00:04:22

Health: -5/33      AC: 13    Str: 21    XL:     5   Next: 48%
Magic:  5/5        EV:  4    Int:  9    God:
Gold:   36         SH:  0    Dex:  9    Spells: 4/4 levels left

rFire   . . .      SeeInvis .   a - +0 flail
rCold   . . .      Faith    .   c - +0 buckler
rNeg    + . .      Spirit   .   i - +0 chain mail
rPois   ∞          Reflect  .   (no helmet)
rElec   +          Harm     .   (no cloak)
rCorr   .          Rampage  .   (no gloves)
Will    .....                   (no boots)
Stlth   ..........              (no amulet)
HPRegen 0.11/turn               (no ring)
MPRegen 0.09/turn               (no ring)

@: held
A: sickness immunity, AC +4, negative energy resistance 1, electricity
resistance, torment resistance 1, petrification resistance
a: no special abilities


You were on level 3 of the Dungeon.
You visited 1 branch of the dungeon, and saw 3 of its levels.
You also visited: Sewer.

You collected 120 gold pieces.
You spent 84 gold pieces at shops.

Inventory:

Hand Weapons
 a - a +0 flail (weapon)
Missiles
 e - 5 boomerangs (quivered)
 g - 87 stones
 p - 12 poisoned darts
Armour
 c - a +0 buckler (worn)
 i - a +0 chain mail (worn)
Jewellery
 h - a +6 ring of intelligence
Wands
 v - a wand of charming (8)
Scrolls
 f - a scroll of silence {unknown}
 l - 2 scrolls of identify {unknown}
 m - a scroll of enchant weapon {unknown}
 o - a scroll of teleportation {unknown}
 r - a scroll of brand weapon {unknown}
 s - a scroll of blinking {unknown}
 t - a scroll of summoning {unknown}
Potions
 b - a potion of mutation {unknown}
 d - 2 potions of might
 j - 4 potions of heal wounds {unknown}
 k - 2 potions of curing
 n - 2 potions of flight {unknown}
 q - a potion of haste {unknown}
 u - 2 potions of cancellation {unknown}


   Skills:
 + Level 3.9 Fighting
 * Level 4.4 Maces & Flails
 + Level 3.8 Armour
 + Level 0.2 Dodging
 + Level 3.7 Shields


You had 4 spell levels left.
You didn't know any spells.
Your spell library was empty.

Dungeon Overview and Level Annotations

Branches:
Dungeon (3/15)              Sewer (visited)

Altars:

Shops:
D:3 !


Innate Abilities, Weirdness & Mutations

You are immune to sickness and miasma.
Your stone body is resilient. (AC +4)
You are immune to poison.
You resist negative energy. (rN+)
You are resistant to electric shocks. (rElec)
You are resistant to unholy torment.
You are immune to petrification.


Message History

A gnoll comes into view. It is wielding a +0 halberd.
The gnoll hits you but does no damage.
You barely miss the gnoll. The gnoll closely misses you.
You block the orc's attack.
You barely miss the gnoll. You block the gnoll's attack.
The orc hits you with a +0 war axe.
You hit the gnoll but do no damage. The orc hits you but does no damage.
You block the gnoll's attack. The orc hits you but does no damage.
You hit the gnoll.
The gnoll is heavily wounded.
You block the orc's attack. The gnoll hits you but does no damage.
You block the orc's attack. The orc barely misses you.
There is a huge open gate here.
The orc closely misses you.
The gnoll throws a throwing net.
The throwing net hits you.
You become entangled in the net!
You see here a throwing net.
You struggle against the net.
The orc hits you but does no damage. The orc hits you with a +0 war axe.
You struggle against the net.
The orc hits you with a +0 dagger. The orc hits you with a +0 war axe.
You struggle against the net.
The orc barely misses you. The orc hits you but does no damage.
The orc barely misses you.
You shred the net and break free! The orc hits you but does no damage.
You block the gnoll's attack. The orc hits you but does no damage.
You block the orc's attack.
Unknown command.
The orc hits you but does no damage. The gnoll barely misses you.
The gnoll throws a throwing net.
The throwing net hits you.
You become entangled in the net!
You see here a throwing net.
You struggle against the net.
The orc hits you but does no damage. x2
The gnoll hits you with a +0 halberd!
* * * LOW HITPOINT WARNING * * *
You struggle against the net.
The orc hits you with a +0 dagger of venom.
* * * LOW HITPOINT WARNING * * *
The orc hits you but does no damage. The gnoll hits you with a +0 halberd!
You die...

...##########............#
#.......# ######'#######
#.......# #.# ........#
########.# .....####
#......#.# .....#
#......#.# .....#
#......#.# .....#
#....o.#.# ######
#....o@#.# #....go#.###
#.....g....#
####..........#
#.............#
#.........#.##########
#....................#
#......##..........)†#
#......##............#


You could see 2 gnolls and 3 orcs.

Vanquished Creatures
  2 river rats (Sewer)
  6 adders
  3 worms
  3 dart slugs (D:3)
  3 orcs (D:3)
  6 bats
  8 endoplasms
  2 giant cockroaches (D:2)
  6 goblins
  A hobgoblin (D:2)
  8 jackals
  10 kobolds
  2 quokkas
  6 ball pythons
  3 frilled lizards (D:2)
  7 rats
76 creatures vanquished.

Notes
Turn   | Place    | Note
-------+----------+-------------------------------------------
     0 | D:1      | danielguo94 the Gargoyle Fighter began the quest for the
                  | Orb.
     0 | D:1      | Reached XP level 1. HP: 14/14 MP: 1/1
   796 | D:2      | Reached XP level 2. HP: 13/19 MP: 2/2
   800 | D:2      | Found a faded altar of an unknown god.
  1314 | D:2      | Reached XP level 3. HP: 24/24 MP: 3/3
  1519 | D:2      | Reached skill level 3 in Maces & Flails
  1933 | D:3      | Found a glowing drain.
  1938 | Sewer    | Entered a sewer
  1956 | Sewer    | Reached XP level 4. HP: 28/29 MP: 4/4
  2236 | Sewer    | Reached skill level 4 in Maces & Flails
  2242 | Sewer    | Reached XP level 5. HP: 11/33 MP: 5/5
  2710 | D:3      | Found Qahemet's Distillery.
  2726 | D:3      | Bought a potion of curing for 36 gold pieces
  2726 | D:3      | Bought a potion of might for 48 gold pieces
  2902 | D:3      | Slain by a gnoll

Illustrated notes

Levels and vault maps discovered:
D:1:      evilmike_arrival_crescent, layout_loops_cross
D:2:      minmay_recursive_quarters, layout_basic,
          ebering_ecumenical_altar_abandoned
D:3:      lemuel_castle_with_subvaults [lemuel_castle_interior_carwin_1],
          layout_basic, portal_sewer_entry_e, serial_shops, shop_fountains

Skill      XL: |  1  2  3  4 |
---------------+-------------+-----
Maces & Flails | 3 4 |  4.4
Fighting       | |  3.9
Armour         | |  3.8
Dodging        | |  0.2
Shields        | |  3.7

Action                   |  1- 3 |  4- 6 || total
-------------------------+-------+-------++-------
Melee: Flail             |   121 |   149 ||   270
Armor: Scale mail        |     5 |       ||     5
       Chain mail        |    88 |   142 ||   230
Dodge: Dodged            |    53 |    74 ||   127
Block: Buckler           |    25 |    50 ||    75
